 Dungeon Crawl Stone Soup version 0.22-a0-154-gda3306adca (webtiles) character file.

29513 Chiseanne the Thaumaturge (level 13, -1/60 HPs)
             Began as a Spriggan Fighter on Feb 8, 2018.
             Was the Champion of Okawaru.
             Killed from afar by an ogre mage (45 damage)
             ... with a crystal spear
             ... on level 13 of the Dungeon.
             The game lasted 01:06:21 (14784 turns).

Chiseanne the Thaumaturge (Spriggan Fighter)       Turns: 14784, Time: 01:06:22

Health: -1/60      AC: 10    Str: 12    XL:     13   Next: 15%
Magic:  0/36       EV: 23    Int: 12    God:    Okawaru [******]
Gold:   1402       SH:  9    Dex: 18    Spells: 29/38 levels left

rFire    . . .     SeeInvis +   a - +7 dagger (venom)
rCold    . . .     Gourm    .   c - +1 buckler
rNeg     + . .     Faith    .   p - +4 moon troll leather armour {Spirit, Regen++ MP+5}
rPois    .         Spirit   +   (helmet restricted)
rElec    .         Reflect  .   B - +0 cloak
rCorr    .         Harm     .   (gloves unavailable)
MR       ++...                  (boots unavailable)
Stlth    +.........             (no amulet)
HPRegen  1.00/turn              n - +4 ring of slaying
MPRegen  0.25/turn              m - ring of positive energy

@: very quick
A: very small, unfitting armour, see invisible, herbivore, speed 3, slow
metabolism 2
a: Heroism, Finesse, Renounce Religion


You were on level 13 of the Dungeon.
You worshipped Okawaru.
Okawaru was exalted by your worship.
You were not hungry.

You visited 2 branches of the dungeon, and saw 14 of its levels.
You also visited: Ossuary and Bailey.

You collected 1623 gold pieces.
You spent 221 gold pieces at shops.

Inventory:

Hand Weapons
 a - a +7 dagger of venom (weapon)
 e - a +0 hunting sling
 w - a +0 blowgun
 C - a +2 whip of freezing
 O - the +0 short sword "Butrog" {god gift, pierce, +Fly MR+}
   (Okawaru gifted it to you on level 9 of the Dungeon)

   It inflicts extra damage upon your enemies.
   It affects your resistance to hostile enchantments.
   It lets you fly.
 Q - the +3 long sword of the Firefly {flame, rF+ rC- SInv}
   (You bought it in a shop on level 9 of the Dungeon)

   It has been specially enchanted to burn those struck by it, causing extra
   injury to most foes and up to half again as much damage against particularly
   susceptible opponents.
   Big, fiery blades are also staple armaments of hydra-hunters.
   It protects you from fire.
   It makes you vulnerable to cold.
   It lets you see invisible.
Missiles
 g - 165 bolts
 j - 15 poisoned needles
 k - 628 stones (quivered)
 x - 28 curare-tipped needles
 y - 108 sling bullets
Armour
 c - a +1 buckler (worn)
 p - the +4 moon troll leather armour (worn) {Spirit, Regen++ MP+5}
   (You found it on level 2 of the Dungeon)

   It affects your magic capacity (+5).
   It increases your rate of regeneration.
 B - a +0 cloak (worn)
 N - the +2 hat of Careg {god gift, rF+ Str+2, unknown}
   (Okawaru gifted it to you on level 13 of the Dungeon)

   It affects your strength (+2).
   It protects you from fire.
 Z - quicksilver dragon scales {god gift}
Jewellery
 i - an uncursed ring of resist corrosion
 m - a ring of positive energy (right hand)
 n - a +4 ring of slaying (left hand)
 s - the ring "Amoob" {MR+ Dex+2, unknown}
   (You found it on level 10 of the Dungeon)

   [ring of dexterity]

   It affects your dexterity (+2).
   It affects your resistance to hostile enchantments.
 D - an uncursed ring of stealth
 J - an uncursed amulet of the acrobat {unknown}
 L - an uncursed ring of poison resistance
 T - an uncursed ring of wizardry
Wands
 U - a wand of iceblast (7)
 W - a wand of polymorph (14)
 X - a wand of paralysis (25)
Scrolls
 b - a scroll of amnesia
 h - 7 scrolls of remove curse
 o - 3 scrolls of magic mapping
 q - 3 scrolls of fog
 F - 6 scrolls of teleportation
 K - 3 scrolls of blinking
 P - a scroll of immolation
Potions
 d - a potion of might
 r - 5 potions of mutation
 t - 3 potions of brilliance
 u - a potion of agility {unknown}
 v - a potion of lignification {unknown}
 z - 6 potions of curing
 G - 3 potions of flight
 H - 2 potions of heal wounds
 M - a potion of berserk rage {unknown}
Books
 l - a book of Flames

   Spells                             Type                      Level
   a - Flame Tongue                   Conjuration/Fire             1
   b - Throw Flame                    Conjuration/Fire             2
   c - Conjure Flame                  Conjuration/Fire             3
   d - Inner Flame                    Hexes/Fire                   3
   e - Sticky Flame                   Conjuration/Fire             4
   f - Fireball                       Conjuration/Fire             5
 A - a book of Maledictions

   Spells                             Type                      Level
   a - Corona                         Hexes                        1
   b - Ensorcelled Hibernation        Hexes/Ice                    2
   c - Confuse                        Hexes                        3
   d - Tukima's Dance                 Hexes                        3
   e - Dazzling Spray                 Conjuration/Hexes            3
 E - a book of Frost

   Spells                             Type                      Level
   a - Freeze                         Ice                          1
   b - Throw Frost                    Conjuration/Ice              2
   c - Ozocubu's Armour               Charms/Ice                   3
   d - Throw Icicle                   Conjuration/Ice              4
   e - Summon Ice Beast               Ice/Summoning                4
 I - a book of Power

   Spells                             Type                      Level
   a - Iskenderun's Battlesphere      Conjuration/Charms           5
   b - Venom Bolt                     Conjuration/Poison           5
   c - Bolt of Magma                  Conjuration/Fire/Earth       5
   d - Iron Shot                      Conjuration/Earth            6
   e - Orb of Destruction             Conjuration                  7
   f - Spellforged Servitor           Conjuration/Summoning        7
Miscellaneous
 R - a sack of spiders
Comestibles
 f - 5 rations


   Skills:
 - Level 3.3 Fighting
 - Level 4.0(4.5) Short Blades
 - Level 2.1(3.0) Long Blades
 - Level 8.2 Armour
 - Level 7.5 Dodging
 - Level 7.2 Shields
 * Level 13.0 Spellcasting
 * Level 13.0 Hexes
 * Level 4.9 Invocations


You had 29 spell levels left.
You knew the following spells:

 Your Spells              Type           Power        Failure   Level  Hunger
a - Confuse               Hex            #####...     1%          3    None
b - Tukima's Dance        Hex            #####...     1%          3    None
c - Dazzling Spray        Conj/Hex       ###...       2%          3    None


Dungeon Overview and Level Annotations

Branches:
Dungeon (13/15)            Temple (1/1) D:5            Lair (0/6) D:10
    Orc (0/2) D:11
 Vaults: D:13-14

Altars:
Ashenzari
Cheibriados
Dithmenos
Elyvilon
Fedhas
Gozag
Kikubaaqudgha
Makhleb
Nemelex Xobeh
Okawaru
Qazlal
Ru
Sif Muna
Trog
Uskayaw
Vehumet
Wu Jian
Xom
Yredelemnul
Zin
The Shining One

Shops:
D:7 %   D:9 (

Portals:
Trove: D:13 (give 8 potions of agility)

Annotations:
D:6 exclusion: oklob plant, Eustachio
D:8 RedPan's ghost, novice GnSk


Innate Abilities, Weirdness & Mutations

You are very small and have problems with some larger weapons.
You are too small for most types of armour.
You have supernaturally acute eyesight. (SInv)
You are a herbivore.
You cover ground extremely quickly.
You need consume almost no food.


Message History

You closely miss the wizard.
The wizard is moderately wounded.
The wizard hits you with a dagger of protection.
You hit the wizard.
The wizard is heavily wounded.
You hit the wizard but do no damage.
The wizard looks as sick as possible!
The wizard is heavily wounded.
The wizard closely misses you.
You barely miss the wizard.
The wizard is heavily wounded.
The wizard hits you but does no damage.
You puncture the wizard!
The wizard looks as sick as possible!
The wizard is almost dead.
You kill the wizard!
Okawaru accepts your kill.
Your Hexes skill increases to level 13!
The ogre mage points at you and mumbles some strange words.
The crystal spear hits you!
Ouch! That really hurt!
You die...

.....>#..........##. ...#
#####...###########.#.≈≈####
##.## ###..≈≈≈#... #.#
#...≈≈≈≈.).. ##.## #.#.≈≈≈≈.. #
#...# #.#.≈≈≈≈# .# # ###.#.###
#.#.≈≈≈≈# ..#
###...#...#######.#..≈≈≈#####...#
....#####.†.....@O)...[['.......#
###...#...########......'.).#...
# ###.#.### #######...)('.......#
#####...# ##........≈≈)#####...#
...###.#####)..####.≈≈≈≈# ..#
.........)†(....# #.≈≈≈≈# #
....##.#####....# #.≈≈≈≈..
.......# ##.#.# #.≈≈≈≈...p
....#### #.#.# ##.≈≈≈#...


You could see an ogre mage.

Vanquished Creatures
  3 hydras
  Harold (D:11)
  2 vault guards (D:13)
  A centaur warrior (D:13)
  7 two-headed ogres
  Sonja (D:11)
  A wizard (D:13)
  Pikel (D:6)
  An ugly thing (D:13)
  A deep elf mage (D:13)
  3 cyclopes
  Joseph (D:9)
  A gargoyle (D:13)
  2 kobold demonologists
  A komodo dragon (D:13)
  2 hellwings (D:9)
  A yaktaur (D:13)
  A troll (D:11)
  The ghost of Chiseanne the Ducker, a novice SpFi (D:4)
  3 slime creatures (D:13)
  2 hornets
  A hippogriff (D:9)
  2 dream sheep (D:9)
  2 meliai zombies (D:9)
  14 yaks
  A wyvern (D:10)
  3 wraiths
  A basilisk (D:13)
  2 steam dragons
  A hungry ghost (D:10)
  6 vampire mosquitoes
  3 dancing weapons
  An acid dragon (D:13)
  2 porcupines (D:10)
  5 ice beasts
  19 orc warriors
  4 black bears
  A necrophage (D:9)
  3 sky beasts
  A slave (D:6)
  A centaur (D:11)
  5 ogres
  2 crocodiles
  6 big kobolds
  3 bullfrogs
  5 wyvern zombies
  A wyvern skeleton (D:10)
  4 scorpions
  17 killer bees
  12 wights
  7 howler monkeys
  3 crimson imps
  3 centaur zombies
  A quasit (D:8)
  3 jellies
  9 orc priests
  Crazy Yiuf (D:5)
  A bullfrog zombie (D:6)
  3 hounds
  15 orc wizards
  Jessica (D:2)
  2 bullfrog skeletons
  3 iguanas
  4 worker ants
  2 hound zombies
  A hound skeleton (D:6)
  3 mummies (Ossuary)
  7 gnolls
  13 adders
  3 howler monkey skeletons
  5 shadow imps
  10 oozes
  6 adder skeletons
  A worm (D:3)
  6 dart slugs
  7 leopard geckos
  72 orcs
  7 bats
  2 giant cockroaches
  10 hobgoblins
  5 jackals
  26 kobolds
  8 quokkas
  A ball python (D:6)
  2 frilled lizards (D:1)
  11 goblins
  5 goblin zombies (Ossuary)
  4 hobgoblin zombies (Ossuary)
  A kobold zombie (Ossuary)
  A leopard gecko zombie (D:5)
  A quokka skeleton (D:7)
  A quokka zombie (D:4)
  6 rats
  A fungus (D:5)
449 creatures vanquished.

Vanquished Creatures (collateral kills)
  A two-headed ogre (D:12)
  A yaktaur (D:12)
  An orc warrior (D:11)
  An orc (D:11)
4 creatures vanquished.

Vanquished Creatures (others)
  11 dancing weapons
  A bullfrog (D:6)
  2 crimson imps (D:6)
  A giant cockroach (D:2)
  8 fungi
  4 plants
  8 toadstools (D:2)
35 creatures vanquished.

Grand Total: 488 creatures vanquished

Notes
Turn   | Place    | Note
-------+----------+-------------------------------------------
     0 | D:1      | Chiseanne the Spriggan Fighter began the quest for the Orb.
     0 | D:1      | Reached XP level 1. HP: 11/11 MP: 2/2
   123 | D:1      | Reached XP level 2. HP: 13/16 MP: 3/3
   706 | D:1      | Reached XP level 3. HP: 10/19 MP: 4/4
  1117 | D:2      | Found a white marble altar of Elyvilon.
  1125 | D:2      | Noticed Jessica
  1137 | D:2      | Killed Jessica
  1137 | D:2      | Reached skill level 5 in Dodging
  1250 | D:2      | Reached XP level 4. HP: 23/23 MP: 5/5
  1825 | D:2      | Found the +4 moon troll leather armour {Spirit, Regen++ MP+5}
  1836 | D:2      | Reached skill level 1 in Short Blades
  2158 | D:2      | Reached XP level 5. HP: 14/28 MP: 6/6
  2722 | D:3      | Found a radiant altar of Vehumet.
  2743 | D:3      | Found a stormy altar of Qazlal.
  2822 | D:3      | Reached XP level 6. HP: 32/32 MP: 7/7
  3319 | D:4      | Found a shattered altar of Ashenzari.
  3373 | D:4      | Reached skill level 1 in Armour
  3493 | D:4      | Reached XP level 7. HP: 36/36 MP: 8/8
  3673 | D:4      | Noticed Chiseanne's ghost (novice SpFi)
  3692 | D:4      | Killed Chiseanne's ghost
  3734 | D:4      | Learned a level 3 spell: Confuse
  3993 | D:5      | Entered Level 5 of the Dungeon
  4096 | D:5      | Found a staircase to the Ecumenical Temple.
  4109 | Temple   | Entered the Ecumenical Temple
  4308 | Temple   | Became a worshipper of Warmaster Okawaru
  4341 | D:5      | Reached skill level 1 in Hexes
  4414 | D:5      | Reached skill level 1 in Spellcasting
  4521 | D:5      | Reached XP level 8. HP: 39/40 MP: 11/11
  4828 | D:5      | Found a runed door.
  4832 | D:5      | Noticed Crazy Yiuf
  4838 | D:5      | Killed Crazy Yiuf
  4907 | D:6      | Noticed Pikel
  4923 | D:6      | Killed Pikel
  4923 | D:6      | Reached * piety under Okawaru
  5085 | D:6      | Found a sand-covered staircase.
  5090 | Ossuary  | Entered an ossuary
  5628 | D:6      | Noticed Eustachio
  5685 | D:6      | Found a snail-covered altar of Cheibriados.
  5769 | D:6      | Found a sparkling altar of Nemelex Xobeh.
  5769 | D:6      | Noticed an oklob plant
  5837 | D:6      | Reached skill level 5 in Shields
  5978 | D:6      | Reached XP level 9. HP: 41/44 MP: 16/16
  6016 | D:6      | Reached ** piety under Okawaru
  6363 | D:7      | Noticed a two-headed ogre
  6385 | D:7      | Noticed a cyclops
  6385 | D:7      | a two-headed ogre changed into a cyclops
  6424 | D:7      | Killed a cyclops
  6424 | D:7      | Reached skill level 5 in Spellcasting
  6424 | D:7      | Reached skill level 5 in Hexes
  6543 | D:7      | Learned a level 3 spell: Tukima's Dance
  6569 | D:7      | Learned a level 3 spell: Dazzling Spray
  6610 | D:7      | Found Pios's Food Shop.
  6851 | D:7      | Found a shattered altar of Ashenzari.
  7236 | D:7      | Found an ornate altar of the Wu Jian Council.
  7237 | D:7      | Found a basalt altar of Yredelemnul.
  7539 | D:8      | Reached *** piety under Okawaru
  7852 | D:8      | Noticed a two-headed ogre
  7871 | D:8      | Reached skill level 5 in Armour
  7900 | D:8      | Killed a two-headed ogre
  7900 | D:8      | Reached **** piety under Okawaru
  7900 | D:8      | Reached XP level 10. HP: 49/49 MP: 18/21
  8031 | D:8      | Noticed RedPan's ghost (novice GnSk)
  8681 | D:9      | Found a shadowy altar of Dithmenos.
  8800 | D:9      | Found Wymat's Antique Weapon Shop.
  8921 | D:9      | Reached ***** piety under Okawaru
  8974 | D:9      | Noticed a two-headed ogre
  8979 | D:9      | Noticed Joseph
  9014 | D:9      | Killed a two-headed ogre
  9014 | D:9      | Received a gift from Okawaru
  9015 | D:9      | Got a warped short sword {god gift}
  9046 | D:9      | Killed Joseph
  9139 | D:9      | Noticed a two-headed ogre
  9202 | D:9      | Killed a two-headed ogre
  9202 | D:9      | Reached XP level 11. HP: 52/52 MP: 5/25
  9350 | D:9      | Bought a slimy long sword for 221 gold pieces
  9544 | D:9      | Identified the +0 short sword "Butrog" {god gift, pierce, +Fly MR+} (Okawaru gifted it to you on level 9 of the Dungeon)
  9545 | D:9      | Identified the +3 long sword of the Firefly {flame, rF+ rC- SInv} (You bought it in a shop on level 9 of the Dungeon)
  9638 | D:9      | Found a sparkling altar of Nemelex Xobeh.
  9840 | D:9      | Noticed a three-headed hydra
  9865 | D:9      | Killed a three-headed hydra
 10101 | D:10     | Entered Level 10 of the Dungeon
 10151 | D:10     | Found a sacrificial altar of Ru.
 10209 | D:10     | Found a staircase to the Lair.
 10265 | D:10     | Reached skill level 10 in Spellcasting
 10273 | D:10     | Reached skill level 10 in Hexes
 10417 | D:10     | Found a flagged portal.
 10427 | Bailey   | Entered a bailey
 10454 | Bailey   | Reached ****** piety under Okawaru
 11077 | D:10     | Got a steaming silver ring
 11277 | D:11     | Noticed Harold
 11318 | D:11     | Killed Harold
 11318 | D:11     | Received a gift from Okawaru
 11824 | D:11     | Noticed a two-headed ogre
 11838 | D:11     | Killed a two-headed ogre
 11972 | D:11     | Received a gift from Okawaru
 12256 | D:11     | Reached XP level 12. HP: 56/56 MP: 21/28
 12447 | D:11     | Found a staircase to the Orcish Mines.
 12451 | D:11     | Noticed a two-headed ogre
 12457 | D:11     | Killed a two-headed ogre
 12512 | D:11     | Noticed an eight-headed hydra
 12685 | D:11     | Killed an eight-headed hydra
 12866 | D:11     | Noticed Sonja
 12879 | D:11     | Killed Sonja
 13071 | D:12     | Noticed a two-headed ogre
 13098 | D:12     | Killed a two-headed ogre
 13338 | D:12     | Noticed a two-headed ogre
 13349 | D:12     | Killed a two-headed ogre
 13354 | D:12     | Reached skill level 1 in Invocations
 13682 | D:12     | Noticed a two-headed ogre
 13699 | D:12     | Killed a two-headed ogre
 14005 | D:12     | Noticed a four-headed hydra
 14020 | D:12     | Killed a one-headed hydra
 14141 | D:13     | Received a gift from Okawaru
 14144 | D:13     | Got a smoking hat {god gift}
 14196 | D:13     | Noticed a centaur warrior
 14238 | D:13     | Killed a centaur warrior
 14368 | D:13     | Found a portal to a secret trove of treasure.
 14411 | D:13     | Reached XP level 13. HP: 44/60 MP: 21/30
 14784 | D:13     | Killed from afar by an ogre mage

Vault maps used:
D:1:      dpeg_arrival_central
D:2:      cheibrodos_fertilizer, elyvilon_altar_4, first_ration,
          bh_walls_and_bars, uniq_jessica
D:3:      grunt_qazlal_clouds, lemuel_round_altar
D:4:      cheibrodos_ashenzari_chains
D:5:      minmay_temple_entry_glass, uniq_crazy_yiuf_cottage
D:6:      nicolae_overflow_hidden_temple, kennysheep_slug_shrine,
          enter_ossuary_2, lemuel_oklob_altar, uniq_eustachio, uniq_pikel
D:7:      marbit_many_paths, gammafunk_temple_overflow_statue,
          nicolae_shop_scaring_up_business
D:8:      special_room
D:9:      cheibrodos_grave_circle, nicolae_dithmenos_shadow_blocks,
          serial_shops, shop, hangedman_ranch, nemelex_spade_bored_becter,
          uniq_joseph
D:10:     due_lair_maze_entry_diamond, enter_bailey_2,
          nicolae_ru_sacrificial_ziggurat
D:11:     david_orc_4, uniq_harold, uniq_sonja
D:12:     minmay_sticks_and_stones
D:13:     grunt_vaults_entry_fortified, nicolae_trove_entry_free_sample,
          basic_altar, special_room, grunt_potential, uniq_erolcha
Temple:   oiseaux_autumnal_temple
Ossuary:  ossuary_kennysheep_city_of_the_dead
Bailey:   bailey_polearm_4, bailey

Skill      XL: |  1  2  3  4  5  6  7  8  9 10 11 12 13 |
---------------+----------------------------------------+-----
Long Blades    | 2 |  2.1
Dodging        | 5 6 7 |  7.5
Fighting       | 3 |  3.3
Short Blades   | 1 2 3 4 |  4.0
Shields        | 3 4 5 6 7 |  7.2
Armour         | 1 2 3 5 6 7 8 |  8.2
Hexes          | 1 4 7 9 10 12 13 | 13.0
Spellcasting   | 1 4 7 9 11 12 13 | 13.0
Invocations    | 4 |  4.9

Action                   |  1- 3 |  4- 6 |  7- 9 | 10-12 | 13-15 || total
-------------------------+-------+-------+-------+-------+-------++-------
Melee: Long sword        |    65 |     7 |       |       |       ||    72
       Dagger            |     3 |   175 |   510 |  1088 |    57 ||  1833
       Hand axe          |       |       |       |     6 |       ||     6
 Fire: Hunting sling     |       |       |    92 |    41 |       ||   133
Throw: Stone             |     1 |     9 |       |       |       ||    10
 Cast: Tukima's Dance    |       |       |     3 |    47 |     4 ||    54
       Confuse           |       |       |       |   104 |    18 ||   122
Evoke: Wand              |       |       |     3 |     6 |       ||     9
  Use: Scroll            |       |    10 |     9 |     6 |       ||    25
       Potion            |       |       |       |     3 |       ||     3
 Stab: Sleeping          |     2 |     1 |     3 |       |       ||     6
       Distracted        |       |     1 |       |     1 |       ||     2
       Confused          |       |       |       |    38 |     1 ||    39
       Paralysed         |       |       |       |     2 |       ||     2
  Eat: Ration            |       |       |     4 |     9 |       ||    13
Armor: Robe              |     5 |     3 |       |       |       ||     8
       Troll leather arm |       |     9 |    34 |   137 |     4 ||   184
Dodge: Dodged            |    54 |   127 |   291 |   822 |    17 ||  1311
Block: Buckler           |    24 |    67 |   148 |   456 |    10 ||   705
       Rpst.: Long sword |    21 |     1 |       |       |       ||    22

Table legend:
 A = Spawn XP
 B = Non-spawn XP
 C = Spawn XP percentage of total XP
 D = Spawn monster count
 E = Non-spawn monster count
 F = Spawn count percentage of total count
 G = Total turns spent on level
                    A         B        C        D         E        F      G
               +---------+---------+-------+---------+---------+-------+---------
         Total |       0 |   42162 |   0.0 |       0 |     449 |   0.0 | 14784
               +---------+---------+-------+---------+---------+-------+---------
           D:1 |       0 |      49 |   0.0 |       0 |      20 |   0.0 |  1114
           D:2 |       0 |     227 |   0.0 |       0 |      41 |   0.0 |  1510
           D:3 |       0 |     150 |   0.0 |       0 |      24 |   0.0 |   628
           D:4 |       0 |     784 |   0.0 |       0 |      30 |   0.0 |   741
           D:5 |       0 |     242 |   0.0 |       0 |      13 |   0.0 |   697
           D:6 |       0 |    1205 |   0.0 |       0 |      20 |   0.0 |  1012
           D:7 |       0 |    1079 |   0.0 |       0 |      20 |   0.0 |   989
           D:8 |       0 |    2755 |   0.0 |       0 |      46 |   0.0 |  1072
           D:9 |       0 |    7669 |   0.0 |       0 |      46 |   0.0 |  1683
          D:10 |       0 |    2635 |   0.0 |       0 |      40 |   0.0 |   889
          D:11 |       0 |    7887 |   0.0 |       0 |      54 |   0.0 |  1646
          D:12 |       0 |    7668 |   0.0 |       0 |      41 |   0.0 |   990
          D:13 |       0 |    7738 |   0.0 |       0 |      21 |   0.0 |   728
        Temple |       0 |      48 |   0.0 |       0 |       1 |   0.0 |   216
       Ossuary |       0 |     266 |   0.0 |       0 |      14 |   0.0 |   439
        Bailey |       0 |    1760 |   0.0 |       0 |      18 |   0.0 |   430
               +---------+---------+-------+---------+---------+-------+---------
